 Dungeon Crawl Stone Soup version 0.27-a0-1548-gf8a67e7463 (webtiles) character file.

Game seed: 3173966935181703865

151 Lemonice the Covert (level 5, 0/47 HPs)
             Began as a Gnoll Delver on July 14, 2021.
             Was an Initiate of Ru.
             Slain by an orc (6 damage)
             ... on level 3 of the Dungeon.
             The game lasted 00:02:59 (1436 turns).

Lemonice the Covert (Gnoll Delver)                  Turns: 1436, Time: 00:03:00

Health: 0/47       AC:  4    Str: 12    XL:     5   Next: 33%
Magic:  7/7        EV: 13    Int: 10    God:    Ru [......]
Gold:   67         SH:  0    Dex: 13    Spells: 6/6 levels left

rFire    . . .     SeeInvis .   a - +0 falchion
rCold    . . .     Faith    .   (no shield)
rNeg     . . .     Spirit   .   b - +0 leather armour
rPois    .         Reflect  .   i - +0 helmet
rElec    .         Harm     .   (no cloak)
rCorr    .         Rampage  .   (no gloves)
Will     .....                  (no boots)
Stlth    ++++......             (no amulet)
HPRegen  0.15/turn              d - ring of flight
MPRegen  0.10/turn              (no ring)

@: attractive, flying
A: fangs 1, strong nose, distributed training
a: Renounce Religion


You were on level 3 of the Dungeon.
You worshipped Ru.
Ru was noncommittal.
You visited 2 branches of the dungeon, and saw 4 of its levels.

You collected 67 gold pieces.

Inventory:

Hand Weapons
 a - a +0 falchion (weapon)
Armour
 b - a +0 leather armour (worn)
 i - a +0 helmet (worn)
Jewellery
 d - a ring of flight (left hand)
Wands
 g - a wand of digging (3)
Scrolls
 c - 2 scrolls of fog
 e - a scroll of fear
 h - a scroll of amnesia {unknown}
 j - a scroll of teleportation {unknown}


   Skills:
 + Level 6.7 Fighting
 + Level 1.4 Short Blades
 + Level 4.7 Long Blades
 + Level 1.4 Axes
 + Level 1.4 Maces & Flails
 + Level 1.4 Polearms
 + Level 1.4 Staves
 + Level 1.4 Slings
 + Level 1.4 Bows
 + Level 1.4 Crossbows
 + Level 1.4 Throwing
 + Level 1.4 Armour
 + Level 4.7 Dodging
 + Level 9.6 Stealth
 + Level 1.4 Shields
 + Level 1.4 Unarmed Combat
 + Level 1.4 Spellcasting
 + Level 1.1 Conjurations
 + Level 1.1 Hexes
 + Level 1.1 Summonings
 + Level 1.1 Necromancy
 + Level 1.1 Translocations
 + Level 1.1 Transmutations
 + Level 1.1 Fire Magic
 + Level 1.1 Ice Magic
 + Level 1.1 Air Magic
 + Level 1.1 Earth Magic
 + Level 1.1 Poison Magic
 + Level 1.6 Invocations
 + Level 1.4 Evocations


You had 6 spell levels left.
You didn't know any spells.
Your spell library was empty.

Dungeon Overview and Level Annotations

Branches:
Dungeon (5/15)             Temple (1/1) D:5

Altars:
Cheibriados
Dithmenos
Elyvilon
Fedhas
Hepliaklqana
Kikubaaqudgha
Okawaru
Qazlal
Ru
Sif Muna
Trog
Uskayaw
Vehumet
Wu Jian
Xom
Yredelemnul
Zin
The Shining One

Shops:
D:5 (

Annotations:
D:5 3 runed translucent doors, Grinder; anet's ghost, weakling GnDe


Innate Abilities, Weirdness & Mutations

You have very sharp teeth.
Your uncanny sense of smell can sniff out nearby items.
Your experience applies equally to all skills.


Message History

You feel very sick.
You closely miss the orc.
You feel very sick. The endoplasm freezes you.
You are frozen.
The orc closely misses you.
You completely miss the orc.
You feel sick. The endoplasm closely misses you.
You riposte.
You barely miss the endoplasm. The orc closely misses you.
The endoplasm barely misses you.
You hit the orc.
The orc is lightly wounded.
You feel sick. The orc closely misses you. The endoplasm hits you.
You feel sick.
You feel sick. The orc barely misses you.
You feel sick.
You feel sick.
You feel sick.
You feel sick.
You are no longer poisoned.
You barely miss the endoplasm. The endoplasm closely misses you.
You hit the orc.
The orc is heavily wounded.
The endoplasm freezes you.
You are frozen.
The orc barely misses you.
You hit the orc.
The orc is severely wounded.
The endoplasm freezes you.
You are frozen.
* * * LOW HITPOINT WARNING * * *
The orc closely misses you.
You hit the orc but do no damage.
The orc is severely wounded.
The orc hits you with a +0 war axe.
* * * LOW HITPOINT WARNING * * *
The endoplasm freezes you.
You are frozen.
* * * LOW HITPOINT WARNING * * *
It was a potion of attraction.
You feel attractive to monsters. The orc hits you with a +0 war axe.
You die...

......#..........#
...##............#...#
.....................#
.....................
..................!..
...#........#.......
...#........#.....# ..
#...#....#.....# .
#...#.......o@.#
#...#.......J###
#...#........#######
#. #.......).......
..#...............
..................
..................
......)......:....
.................#


You could see an orc and an endoplasm.

Vanquished Creatures
  2 hounds (D:5)
  A bullfrog skeleton (D:5)
  An orc wizard (D:5)
  3 orcs (D:5)
  4 hobgoblins
  A quokka (D:4)
  A ball python (D:3)
  A frilled lizard (D:3)
  A kobold (D:3)
  A rat (D:3)
16 creatures vanquished.

Vanquished Creatures (others)
  An orc priest (D:5)
1 creature vanquished.

Grand Total: 17 creatures vanquished

Notes
Turn   | Place    | Note
-------+----------+-------------------------------------------
     0 | D:5      | Reached skill level 9 in Stealth
     0 | D:5      | Lemonice the Gnoll Delver began the quest for the Orb.
     0 | D:5      | Reached XP level 1. HP: 23/23 MP: 1/1
    50 | D:5      | Found a staircase to the Ecumenical Temple.
    57 | Temple   | Entered the Ecumenical Temple
   253 | Temple   | Became a worshipper of Ru the Awakened
   278 | D:5      | Noticed a hound
   301 | D:5      | Killed a hound
   302 | D:5      | Reached XP level 2. HP: 10/29 MP: 1/3
   302 | D:5      | Reached XP level 3. HP: 12/35 MP: 1/4
   539 | D:5      | Found Ylefipsaky's Weapon Emporium.
   675 | D:5      | Found a runed translucent gate.
   676 | D:5      | Found a runed translucent gate.
   676 | D:5      | Noticed anet's ghost (weakling GnDe)
   676 | D:5      | Noticed a kobold brigand
   677 | D:5      | Found a runed translucent gate.
   692 | D:5      | Noticed a scorpion
   721 | D:5      | Reached skill level 1 in Short Blades
   721 | D:5      | Reached skill level 1 in Axes
   721 | D:5      | Reached skill level 1 in Maces & Flails
   721 | D:5      | Reached skill level 1 in Polearms
   721 | D:5      | Reached skill level 1 in Staves
   721 | D:5      | Reached skill level 1 in Slings
   721 | D:5      | Reached skill level 1 in Bows
   721 | D:5      | Reached skill level 1 in Crossbows
   721 | D:5      | Reached skill level 1 in Throwing
   721 | D:5      | Reached skill level 1 in Armour
   721 | D:5      | Reached skill level 1 in Shields
   721 | D:5      | Reached skill level 1 in Unarmed Combat
   721 | D:5      | Reached skill level 1 in Spellcasting
   721 | D:5      | Reached skill level 1 in Invocations
   721 | D:5      | Reached skill level 1 in Evocations
   721 | D:5      | Reached XP level 4. HP: 40/41 MP: 5/5
   755 | D:5      | Reached skill level 1 in Conjurations
   755 | D:5      | Reached skill level 1 in Hexes
   755 | D:5      | Reached skill level 1 in Summonings
   755 | D:5      | Reached skill level 1 in Necromancy
   755 | D:5      | Reached skill level 1 in Translocations
   755 | D:5      | Reached skill level 1 in Transmutations
   755 | D:5      | Reached skill level 1 in Fire Magic
   755 | D:5      | Reached skill level 1 in Ice Magic
   755 | D:5      | Reached skill level 1 in Air Magic
   755 | D:5      | Reached skill level 1 in Earth Magic
   755 | D:5      | Reached skill level 1 in Poison Magic
   869 | D:5      | Reached XP level 5. HP: 26/47 MP: 6/6
  1230 | D:5      | Noticed Grinder
  1289 | D:4      | Noticed a black bear
  1436 | D:3      | Slain by an orc

Illustrated notes

Levels and vault maps discovered:
D:3:      layout_basic
D:4:      layout_cave_pools, kennysheep_generic_room_15, uniq_natasha,
          uniq_blork_the_orc
D:5:      layout_loops_ring, minmay_temple_entry_crystal_x,
          gammafunk_ghost_nasty_kobolds, serial_shops, nicolae_stop_n_shop_2,
          uniq_grinder
Temple:   regret_index_temple_mists

Skill      XL: |  1  2  3  4 |
---------------+-------------+-----
Stealth        | |  9.6
Short Blades   | 1 |  1.4
Axes           | 1 |  1.4
Maces & Flails | 1 |  1.4
Polearms       | 1 |  1.4
Staves         | 1 |  1.4
Slings         | 1 |  1.4
Bows           | 1 |  1.4
Crossbows      | 1 |  1.4
Throwing       | 1 |  1.4
Armour         | 1 |  1.4
Shields        | 1 |  1.4
Unarmed Combat | 1 |  1.4
Spellcasting   | 1 |  1.4
Invocations    | 1 |  1.6
Evocations     | 1 |  1.4
Conjurations   | 1 |  1.1
Hexes          | 1 |  1.1
Summonings     | 1 |  1.1
Necromancy     | 1 |  1.1
Translocations | 1 |  1.1
Transmutations | 1 |  1.1
Fire Magic     | 1 |  1.1
Ice Magic      | 1 |  1.1
Air Magic      | 1 |  1.1
Earth Magic    | 1 |  1.1
Poison Magic   | 1 |  1.1
Fighting       | |  6.7
Long Blades    | |  4.7
Dodging        | |  4.7

Action                   |  1- 3 |  4- 6 || total
-------------------------+-------+-------++-------
Melee: Falchion          |    23 |    61 ||    84
       Bite              |     1 |     3 ||     4
       Punch             |       |     1 ||     1
  Use: Potion            |     1 |     1 ||     2
       Scroll            |     1 |       ||     1
 Stab: Sleeping          |     1 |     4 ||     5
Armor: Leather armour    |     8 |    22 ||    30
Dodge: Dodged            |    16 |    47 ||    63
       Rpst.: Falchion   |     8 |    17 ||    25

Table legend: (Time is in decaauts)
 A = Elapsed time spent in this place.
 B = Non-inter-level travel time spent in this place.
 C = Inter-level travel time spent in this place.
 D = Time resting spent in this place.
 E = Time spent auto-exploring this place.
 F = Levels seen in this place.
 G = Mean time per level.
                   A        B        C        D        E       F      G
               +--------+--------+--------+--------+--------+-----+--------+
         Total |   1500 |   1467 |     33 |      0 |    997 |   4 |  375.0 |
       Dungeon |   1201 |   1168 |     33 |      0 |    801 |   3 |  400.3 |
        Temple |    299 |    299 |      0 |      0 |    196 |   1 |  299.0 |
               +--------+--------+--------+--------+--------+-----+--------+

Top non-repeatable levels by time:
     D:5: 1053 daAuts
  Temple: 299 daAuts
     D:3: 124 daAuts
     D:4: 23 daAuts
